 Dungeon Crawl Stone Soup version 0.19.1-1-g22dce08 (webtiles) character file.

238 Messajah the Ruffian (level 5, -4/53 HPs)
             Began as a Troll Berserker on Jan 17, 2017.
             Was a Believer of Trog.
             Killed from afar by Sigmund (5 damage)
             ... with a puff of flame
             ... on level 3 of the Dungeon.
             The game lasted 00:29:25 (2800 turns).

Messajah the Ruffian (Troll Berserker)              Turns: 2800, Time: 00:29:25

Health: -4/53      AC:  5    Str: 26    XL:     5   Next: 78%
Magic:  4/4        EV: 11    Int:  3    God:    Trog [**....]
Gold:   200        SH:  0    Dex:  9    Spells: 0 memorised, 4 levels left

rFire  . . .     SeeInvis .       - Unarmed
rCold  . . .     Gourm    +     a - +0 animal skin
rNeg   . . .     Faith    .     (no shield)
rPois  .         Spirit   .     (helmet restricted)
rElec  .         Reflect  .     (no cloak)
rCorr  .         Harm     .     (gloves unavailable)
MR     .....                    (boots unavailable)
Stlth  +.........               v - amulet of inaccuracy (curse)
                                (no ring)
                                (no ring)

@: lethally poisoned (-4 -> -12)
A: unfitting armour, claws 3, fast metabolism 3, gourmand, regeneration 1,
shaggy fur 1, tough skin 2
a: Berserk, Trog's Hand, Burn Spellbooks, Renounce Religion


You were on level 3 of the Dungeon.
You worshipped Trog.
Trog was pleased with you.
You were full.

You visited 1 branch of the dungeon, and saw 4 of its levels.

You collected 200 gold pieces.

Inventory:

Hand Weapons
 o - a +3 flail of protection
 s - a +0 club
 C - a +0 hunting sling
Missiles
 d - 58 stones
 k - 2 tomahawks
 q - 60 arrows
 D - a javelin (quivered)
Armour
 a - a +0 animal skin (worn)
 t - a +0 animal skin
Jewellery
 v - a cursed amulet of inaccuracy (around neck)
Scrolls
 f - a scroll of fear {unknown}
 j - 4 scrolls of identify {unknown}
 l - 2 scrolls of blinking {unknown}
 u - a scroll of noise {unknown}
 w - a scroll of enchant armour {unknown}
 x - a scroll of teleportation {unknown}
 y - a scroll of random uselessness {unknown}
 B - 3 scrolls of remove curse {unknown}
Potions
 e - a potion of degeneration {unknown}
 g - 2 potions of brilliance {unknown}
 i - 2 potions of resistance {unknown}
 n - a potion of magic {unknown}
 p - 2 potions of agility {unknown}
 r - 4 potions of curing {unknown}
 z - a potion of mutation {unknown}
Comestibles
 b - 5 bread rations
 c - 3 meat rations
 h - a slice of pizza
 A - a royal jelly
 E - a beef jerky


   Skills:
 + Level 3.0 Fighting
 + Level 1.5 Throwing
 + Level 3.6 Dodging
 + Level 0.1 Stealth
 + Level 4.6 Unarmed Combat


You had 4 spell levels left.
You didn't know any spells.

Dungeon Overview and Level Annotations

Branches:
Dungeon (4/15)
 Temple: D:4-7

Altars:
Makhleb
Vehumet
Xom
Zin

Annotations:
D:3 Sigmund


Innate Abilities, Weirdness & Mutations

You are too large for most types of armour.
You have claws for hands.
Your metabolism is lightning-fast.
You like to eat raw meat.
Your natural rate of healing is unusually fast.
You are covered in fur. (AC +1)
You have very tough skin. (AC +2)


Message History

Reactivating autopickup.
You feel sick.
You feel less confused.
Sigmund hits you from afar with a scythe of venom.
You are more poisoned.
You feel sick.
Sigmund hits you from afar with a scythe of venom!
* * * LOW HITPOINT WARNING * * *
You are lethally poisoned!
* * * LOW HITPOINT WARNING * * *
You feel sick.
You see here a club.
* * * LOW HITPOINT WARNING * * *
You feel sick.
There is a stone staircase leading down, spattered with blood here.
* * * LOW HITPOINT WARNING * * *
You feel sick. Sigmund casts a spell at you. The puff of flame hits you!
You die...

#############
##.....#.....##
##.............##
#...............#
#...............#
#......)@)......#
#....@..........#
#........[......###
#.................#
##.............##.# .
#.......#.....###.#
..####.#...............#
..........)'########'..#
...........#........#..#


You could see Sigmund.

Vanquished Creatures
  A hound (D:3)
  Terence (D:3)
  Ijyb (D:3)
  Robin (D:3)
  7 adders
  2 oozes (D:2)
  2 dart slugs (D:1)
  3 leopard geckos
  4 giant cockroaches
  12 goblins
  11 hobgoblins
  5 kobolds
  5 quokkas
  2 ball pythons
  5 bats
  2 frilled lizards (D:1)
  2 rats
66 creatures vanquished.

Notes
Turn   | Place    | Note
-------+----------+-------------------------------------------
     0 | D:1      | Messajah the Troll Berserker began the quest for the Orb.
     0 | D:1      | Reached XP level 1. HP: 22/22 MP: 0/0
    31 | D:1      | Reached XP level 2. HP: 29/29 MP: 1/1
   671 | D:2      | Reached XP level 3. HP: 35/36 MP: 2/2
   753 | D:2      | Found a shimmering altar of Xom.
   753 | D:2      | Found a glowing silver altar of Zin.
   754 | D:2      | Noticed an angel
   936 | D:2      | Reached skill level 4 in Unarmed Combat
  1003 | D:2      | Reached ** piety under Trog
  1003 | D:2      | Reached XP level 4. HP: 44/44 MP: 3/3
  1075 | D:2      | Found a radiant altar of Vehumet.
  1774 | D:3      | Found a burning altar of Makhleb.
  1782 | D:3      | Reached skill level 1 in Throwing
  1854 | D:3      | Reached XP level 5. HP: 51/52 MP: 4/4
  1914 | D:3      | Noticed Terence
  1942 | D:3      | Killed Terence
  2030 | D:3      | Noticed Sigmund
  2276 | D:3      | Noticed Ijyb
  2307 | D:3      | Killed Ijyb
  2435 | D:3      | Noticed Robin
  2636 | D:3      | Killed Robin
  2800 | D:3      | HP: 1/53 [poisoned by Sigmund]
  2800 | D:3      | Killed from afar by Sigmund

Skill      XL: |  1  2  3  4  5 |
---------------+----------------+-----
Unarmed Combat | 4 |  4.6
Dodging        | 3 |  3.6
Throwing       | 1 |  1.5
Fighting       | 3 |  3.0
Stealth        | |  0.1

Action                   |  1- 3 |  4- 6 || total
-------------------------+-------+-------++-------
Melee: Unarmed           |    78 |   150 ||   228
       Punch             |       |     1 ||     1
Throw: Stone             |     8 |    15 ||    23
       Javelin           |     7 |     3 ||    10
       Tomahawk          |     1 |       ||     1
Invok: Berserk           |       |     1 ||     1
       Trog's Hand       |       |     1 ||     1
  Eat: Chunk             |     6 |    22 ||    28
Armor: Animal skin       |    37 |    83 ||   120
Dodge: Dodged            |    50 |   130 ||   180
